 Dungeon Crawl Stone Soup version 0.31-a0-799-g6bc09d010c (webtiles) character file.

Game seed: 536121947215294877

1728131 Joey1 the Slayer (level 24, 219/219 HPs)
             Began as a Minotaur Fighter on Sept 19, 2023.
             Was the Champion of Okawaru.
             Escaped with the Orb
             ... and 3 runes on Sept 20, 2023!
             The game lasted 03:08:25 (60922 turns).

Joey1 the Slayer (Minotaur Fighter)                Turns: 60922, Time: 03:08:26

Health: 219/219    AC: 39    Str: 39    XL:     24   Next: 86%
Magic:  44/44      EV: 17    Int: 11    God:    Okawaru [******]
Gold:   3270       SH: 38    Dex: 28    Spells: 23/23 levels left

rFire   + . .        q - +10 broad axe of Kexien {elec, +Blink Will+ MP+9}
rCold   . . .        S - +7 tower shield {AC+3}
rNeg    + . .        D - +12 crystal plate armour of the Dice {*Corrode rElec Str+7}
rPois   +            m - +1 hat "Lopar" {rF+ Will+ Str-5 Int+6}
rElec   +            a - +1 cloak of the Comet {rN+ Will- Dex+3 Slay+5}
rCorr   .            J - -2 pair of gloves of Beyond {Will+ Dex+4}
SInv    .            h - +1 pair of boots of Pandemonium {Rampage Will+ Dex+3 Stlth+}
Will    +++++        B - amulet of Idileo {Reflect Will+ Regen+ Dex+3 SH+5 Stlth-} Stlth
                     G - ring of Uchinn {Will+ Str+5 Dex+4 Stlth-}
HPRegen 1.36/turn    Y - ring "Menigad" {rPois Will+ Stlth+}
MPRegen 0.29/turn

%: corrode self (3%), reflection, rampage
@: no status effects
A: horns 2, retaliatory headbutt, deformed body, frail 1, no potion heal 1
0: Orb of Zot
}: 3/15 runes: decaying, serpentine, silver
a: Renounce Religion, Evoke Blink, Heroism, Finesse, Duel


You escaped.
You worshipped Okawaru.
Okawaru was exalted by your worship.
You visited 10 branches of the dungeon, and saw 48 of its levels.
You also visited: Trove, Sewer, Volcano and Wizlab.

You collected 5840 gold pieces.
You spent 2570 gold pieces at shops.

Inventory:

Hand Weapons
 q - the +10 broad axe of Kexien (weapon) {elec, +Blink Will+ MP+9}
   (Okawaru gifted it to you on level 2 of the Lair of Beasts)

   Will+:     It increases your willpower.
   MP+9:      It affects your magic capacity (+9).
   +Blink:    It lets you blink.
 s - a +9 broad axe
 N - the +10 hand axe "Erpharef" {holy, Str+3}
   (Okawaru gifted it to you on level 5 of the Realm of Zot)

   Str+3:     It affects your strength (+3).
 O - the +7 morningstar of Yfritev {heavy, rF- Int+5}
   (Okawaru gifted it to you on level 1 of the Swamp)

   Int+5:     It affects your intelligence (+5).
   rF-:       It makes you vulnerable to fire.
Missiles
 c - a curare-tipped dart
 o - 15 silver javelins (quivered)
 z - 7 throwing nets
Armour
 a - the +1 cloak of the Comet (worn) {rN+ Will- Dex+3 Slay+5}
   (Okawaru gifted it to you on level 14 of the Dungeon)

   Dex+3:     It affects your dexterity (+3).
   Slay+5:    It affects your accuracy & damage with ranged weapons and melee
   (+5).
   rN+:       It protects you from negative energy.
   Will-:     It decreases your willpower.
 f - the +5 moon troll leather armour {Spirit, Regen++ MP+5}
   (You took it off a moon troll in a wizard's laboratory)

   MP+5:      It affects your magic capacity (+5).
   Regen++:   It increases your rate of health regeneration.
 h - the +1 pair of boots of Pandemonium (worn) {Rampage Will+ Dex+3 Stlth+}
   (You found it in a treasure trove)

   Dex+3:     It affects your dexterity (+3).
   Will+:     It increases your willpower.
   Rampage:   It bestows one free step when moving towards enemies.
   Stlth+:    It makes you more stealthy.
 m - the +1 hat "Lopar" (worn) {rF+ Will+ Str-5 Int+6}
   (You acquired it on level 3 of the Lair of Beasts)

   Str-5:     It affects your strength (-5).
   Int+6:     It affects your intelligence (+6).
   rF+:       It protects you from fire.
   Will+:     It increases your willpower.
 C - the +2 pair of boots of Autotheism {rC+}
   (You found it on level 3 of the Snake Pit)

   rC+:       It protects you from cold.
 D - the +12 crystal plate armour of the Dice (worn) {*Corrode rElec Str+7}
   (Okawaru gifted it to you on level 3 of the Dungeon)

   Str+7:     It affects your strength (+7).
   rElec:     It insulates you from electricity.
   *Corrode:  It may corrode you when you take damage.
 H - a scarf of resistance
 J - the -2 pair of gloves of Beyond (worn) {Will+ Dex+4}
   (Okawaru gifted it to you on level 2 of the Lair of Beasts)

   Dex+4:     It affects your dexterity (+4).
   Will+:     It increases your willpower.
 S - a +7 tower shield of protection (worn)
 X - a +2 cloak
Jewellery
 B - the amulet of Idileo (around neck) {Reflect Will+ Regen+ Dex+3 SH+5 Stlth-}
   (You found it in a wizard's laboratory)

   [amulet of reflection]

   Reflect:   It reflects blocked missile attacks.
   Dex+3:     It affects your dexterity (+3).
   Will+:     It increases your willpower.
   Regen+:    It increases your rate of health regeneration.
   SH+5:      It affects your SH (+5).
   Stlth-:    It makes you less stealthy.
 E - the ring "Fofetor" {Ice Will+ Int+3 Dex+5}
   (You found it on level 8 of the Dungeon)

   [ring of ice]

   Ice:       It enhances your ice magic.
   Int+3:     It affects your intelligence (+3).
   Dex+5:     It affects your dexterity (+5).
   rF-:       It makes you vulnerable to fire.
   rC+:       It protects you from cold.
   Will+:     It increases your willpower.
 G - the ring of Uchinn (left hand) {Will+ Str+5 Dex+4 Stlth-}
   (You took it off a deep elf death mage on level 3 of the Elven Halls)

   [ring of willpower]

   Str+5:     It affects your strength (+5).
   Dex+4:     It affects your dexterity (+4).
   Will+:     It increases your willpower.
   Stlth-:    It makes you less stealthy.
 M - the ring of the Hare {EV+10}
   (You took it off an ironbound convoker on level 5 of the Vaults)

   [ring of evasion]

   EV+10:     It affects your evasion (+10).
 T - a ring of protection from fire
 Y - the ring "Menigad" (right hand) {rPois Will+ Stlth+}
   (You found it on level 13 of the Dungeon)

   [ring of poison resistance]

   rPois:     It protects you from poison Will+: It increases your willpower.
   Stlth+:    It makes you more stealthy.
Wands
 F - a wand of flame (163)
 K - a wand of iceblast (38)
 Q - a wand of mindburst (10)
 R - a wand of paralysis (43)
 V - a wand of polymorph (39)
 Z - a wand of digging (6)
Scrolls
 e - 14 scrolls of blinking
 g - 3 scrolls of poison
 j - 5 scrolls of silence
 p - 4 scrolls of fear
 y - a scroll of amnesia
 I - 22 scrolls of teleportation
 L - 11 scrolls of fog
 U - 5 scrolls of revelation
Potions
 b - 3 potions of cancellation
 d - 6 potions of might
 i - 3 potions of invisibility
 k - 5 potions of curing
 l - 9 potions of ambrosia
 n - 12 potions of attraction
 t - a potion of berserk rage
 u - 12 potions of haste
 v - 4 potions of lignification
 w - 9 potions of mutation
 A - 12 potions of heal wounds
 P - 6 potions of enlightenment
 W - 3 potions of resistance
Miscellaneous
 r - a condenser vane
 x - a lightning rod (4/4)


   Skills:
 + Level 25.7 Fighting
 - Level 20.0 Axes
 - Level 15.0 Throwing
 - Level 18.0 Armour
 - Level 12.0 Dodging
 - Level 21.0 Shields
 - Level 19.0 Invocations
 - Level 15.0 Evocations


You had 23 spell levels left.
You didn't know any spells.
Your spell library contained the following spells:

 Spells                   Type           Power      Damage    Failure   Level
 Apportation              Tloc           0%         N/A       97%         1
 Foxfire                  Conj/Fire      0%         2x1d4     97%         1
 Freeze                   Ice            0%         1d3       97%         1
 Shock                    Conj/Air       0%         1d3       97%         1
 Slow                     Hex            0%         N/A       97%         1
 Blink                    Tloc           0%         N/A       99%         2
 Cigotuvi's Dreadful Rot  Necr/Pois/Air  0%         N/A       99%         2
 Ensorcelled Hibernation  Hex/Ice        0%         N/A       99%         2
 Jinxbite                 Hex            0%         N/A       99%         2
 Lesser Beckoning         Tloc           0%         N/A       99%         2
 Momentum Strike          Conj/Tloc      0%         3d8       99%         2
 Passwall                 Tmut/Erth      0%         N/A       99%         2
 Poisonous Vapours        Pois/Air       0%         N/A       99%         2
 Scorch                   Fire           0%         2d5       99%         2
 Static Discharge         Conj/Air       0%         2-2/arc   99%         2
 Wereblood                Tmut           0%         N/A       99%         2
 Confusing Touch          Hex            0%         N/A       100%        3
 Dazzling Flash           Conj/Hex       0%         N/A       100%        3
 Frozen Ramparts          Ice            0%         1d1       100%        3
 Gell's Gravitas          Tloc           0%         N/A       100%        3
 Hailstorm                Conj/Ice       0%         3d3       100%        3
 Ignite Poison            Fire/Tmut/Pois 0%         N/A       100%        3
 Inner Flame              Hex/Fire       0%         N/A       100%        3
 Mephitic Cloud           Conj/Pois/Air  0%         N/A       100%        3
 Ozocubu's Armour         Ice            0%         N/A       100%        3
 Sigil of Binding         Hex            0%         N/A       100%        3
 Stone Arrow              Conj/Erth      0%         3d7       100%        3
 Swiftness                Air            0%         N/A       100%        3
 Teleport Other           Tloc           0%         N/A       100%        3
 Vampiric Draining        Necr           0%         2d6       100%        3
 Volatile Blastmotes      Fire/Tloc      0%         2d10      100%        3
 Airstrike                Air            0%         2d(0-16)  100%        4
 Anguish                  Hex/Necr       0%         N/A       100%        4
 Brom's Barrelling Bould  Conj/Erth      0%         2d3       100%        4
 Cause Fear               Hex            0%         N/A       100%        4
 Dimensional Bullseye     Hex/Tloc       0%         N/A       100%        4
 Dispel Undead            Necr           0%         3d6       100%        4
 Flame Wave               Conj/Fire      0%         2d4       100%        4
 Fulminant Prism          Conj/Hex       0%         3d5       100%        4
 Iskenderun's Mystic Bla  Conj/Tloc      0%         2d3       100%        4
 Olgreb's Toxic Radiance  Pois           0%         N/A       100%        4
 Passage of Golubria      Tloc           0%         N/A       100%        4
 Petrify                  Tmut/Erth      0%         N/A       100%        4
 Sticky Flame             Conj/Fire      0%         2d3       100%        4
 Alistair's Intoxication  Tmut/Pois      0%         N/A       100%        5
 Borgnjor's Vile Clutch   Necr/Erth      0%         N/A       100%        5
 Fireball                 Conj/Fire      0%         3d3       100%        5
 Freezing Cloud           Conj/Ice/Air   0%         6-21      100%        5
 Irradiate                Conj/Tmut      0%         3d11      100%        5
 Iskenderun's Battlesphe  Conj           0%         2d6       100%        5
 Lee's Rapid Deconstruct  Erth           0%         3d4*      100%        5
 Metabolic Englaciation   Hex/Ice        0%         N/A       100%        5
 Yara's Violent Unravell  Hex/Tmut       0%         3d3       100%        5
 Conjure Ball Lightning   Conj/Air       0%         3x3d6     100%        6
 Dispersal                Tloc           0%         N/A       100%        6
 Eringya's Noxious Bog    Tmut/Pois      0%         4d6       100%        6
 Leda's Unmaking          Conj/Erth      0%         9d1       100%        6
 Plasma Beam              Fire/Air       0%         2x1d10    100%        6
 Starburst                Conj/Fire      0%         6d3       100%        6
 Enfeeble                 Hex            0%         N/A       100%        7
 Orb of Destruction       Conj           0%         9d5       100%        7
 Discord                  Hex            0%         N/A       100%        8
 Ignition                 Fire           0%         3d3       100%        8
 Maxwell's Capacitive Co  Air            0%         ∞         100%        8
 Fire Storm               Conj/Fire      0%         5d1       100%        9
 Summon Guardian Golem    Hex/Summ       Unusable   N/A       N/A         3
 Tukima's Dance           Hex            Unusable   N/A       N/A         3
 Animate Armour           Summ/Erth      Unusable   N/A       N/A         4
 Summon Lightning Spire   Summ/Air       Unusable   N/A       N/A         4
 Death Channel            Necr           Unusable   N/A       N/A         6
 Simulacrum               Ice/Necr       Unusable   N/A       N/A         6
 Summon Cactus Giant      Summ           Unusable   N/A       N/A         6
 Spellforged Servitor     Conj/Summ      Unusable   N/A       N/A         7

Dungeon Overview and Level Annotations

Branches:
Dungeon (15/15)            Temple (1/1) D:7            Lair (5/5) D:11
  Swamp (4/4) Lair:2        Snake (4/4) Lair:2        Slime (0/5) Lair:5
    Orc (2/2) D:11            Elf (3/3) Orc:2        Vaults (5/5) D:14
  Crypt (0/3) Vaults:3     Depths (4/4) D:15            Zot (5/5) Depths:4
  Sewer (visited)         Volcano (visited)          WizLab (visited)

Altars:
Ashenzari
Cheibriados
Dithmenos
Elyvilon
Fedhas
Gozag
Hepliaklqana
Kikubaaqudgha
Makhleb
Nemelex Xobeh
Okawaru
Qazlal
Ru
Sif Muna
Trog
Uskayaw
Vehumet
Wu Jian
Xom
Yredelemnul
Zin
The Shining One

Shops:
D:1 (   D:11 (([?   Orc:2 [[[!?   Snake:2 :[   Vaults:2 (   Vaults:5 ??!!
Depths:2 *   Depths:3 :=:

Portals:
Hell: Depths:1 Depths:2 Depths:3 Depths:4
Abyss: Depths:2 Depths:3
Pandemonium: Depths:2 Depths:4
Ziggurat: Depths:3

Annotations:
Zot:3 1 runed translucent door, zarzak's ghost, legendary GrFi


Innate Abilities, Weirdness & Mutations

You have a pair of horns on your head.
You reflexively headbutt those who attack you in melee.
Armour fits poorly on your strangely shaped body.
You are frail. (-10% HP)
Potions are less effective at restoring your health.


Message History

No target in view!
No target in view!
What level of the Dungeon? (default 1, ? - help)
There is a stone staircase leading up here.
You climb upwards.
There is a stone staircase leading down here.
An Orb Guardian comes into view.
You block the Orb Guardian's attack.
The Orb Guardian attacks as it pursues you!
The Orb Guardian barely misses you. You block the Orb Guardian's attack.
You block the Orb Guardian's attack. You block the Orb Guardian's attack.
You block the Orb Guardian's attack.
The Orb Guardian attacks as it pursues you!
The Orb Guardian hits you. You block the Orb Guardian's attack.
The Orb Guardian attacks as it pursues you!
You block the Orb Guardian's attack.
There is a fountain of clear blue water here.
The Orb Guardian attacks as it pursues you!
You block the Orb Guardian's attack. You block the Orb Guardian's attack.
There is a staircase leading out of the dungeon here.
You open the Orb Guardian like a pillowcase!!!
The Orb Guardian is heavily wounded.
You block the Orb Guardian's attack.
You slice the Orb Guardian!!
Lightning courses through the Orb Guardian!
The Orb Guardian is almost dead.
You block the Orb Guardian's attack.
You slash the Orb Guardian!
You kill the Orb Guardian!
Okawaru accepts your kill.
Your movement speed is average.
Your attack delay is about 0.7 (and cannot be improved with additional weapon skill).
Your damage rating with the +10 broad axe of Kexien {elec, +Blink Will+ MP+9} is about 59 (Base 13 x 172% (Str) x 200% (Skill) + 15 (Ench + Slay)).
Your base attributes are Str 32, Int 5, Dex 11.
You are a level 24 Minotaur Fighter.
You are 86% of the way to level 25.
Play time: 03:08:12 (60921 turns).
You are forever immune to Zot's power.
You can't go down here!
You have escaped!

#.##### #####.#.# .)....# #.#.#
#.###.#######.#.#
.###[......##.#.#########
####.####...............##
###..# #..##♣♣♣.♣♣♣##...#
.....# #..# ♣⌠♣ #...#### ###..#
##..♣♣♣♣♣.♣♣♣♣♣......#
.....###......⌠.@.⌠.....###.#
####.......♣♣♣♣♣.♣♣♣♣♣..# #.##
..##.##.#..# ♣⌠♣ #..###..##
#.##.##.#..##♣♣♣.♣♣♣##........#
...#.##.#...............####..#
#..#.##.....############# #..#
#..#.####.#.# #..#
#(..#.###.#.## #..#
...###.##....## #..#


There were no monsters in sight!

Vanquished Creatures
  4 dread liches
  3 ancient liches
  An orb of fire (Zot:5)
  Mennas (Vaults:4)
  Saint Roka (Elf:3)
  3 Killer Klowns (Zot:5)
  2 curse toes
  3 caustic shrikes (Depths:4)
  2 golden dragons
  the Enchantress (D:15)
  A Tzitzimitl (D:11)
  An electric golem (Zot:4)
  Rupert (Lair:3)
  22 Orb Guardians
  Asterion (Elf:3)
  3 tentacled monstrosities
  4 titans (Vaults:5)
  2 deep elf master archers (Elf:3)
  2 liches
  6 quicksilver dragons
  5 sphinxes
  A moon troll (WizLab)
  5 deep elf blademasters
  An Executioner (Depths:2)
  Agnes (Snake:4)
  8 tentacled starspawn (WizLab)
  2 thorn hunters
  A death cob (Zot:3)
  Kirke (Elf:1)
  8 tengu reavers
  8 shadow dragons
  3 storm dragons
  2 fenstrider witches
  6 fire giants
  Donald (Elf:2)
  9 frost giants
  2 balrugs
  25 vault wardens
  Louise (Depths:3)
  12 deep elf sorcerers
  A nagaraja (Snake:4)
  4 draconian knights
  4 deep elf elementalists (Elf:3)
  A draconian shifter (Zot:4)
  4 iron dragons
  2 curse skulls (Depths:2)
  A ghost moth (shapeshifter) (Vaults:3)
  3 cacodemons
  3 spriggan defenders (Depths:1)
  An angel (D:5)
  A demonspawn corrupter (Trove)
  A demonspawn blood saint (Trove)
  30 ironbound preservers
  A caustic shrike skeleton (Depths:2)
  3 formless jellyfish
  2 orc warlords
  22 very ugly things
  13 stone giants
  A war gargoyle (Vaults:5)
  8 ironbound thunderhulks
  A juggernaut skeleton (Depths:2)
  2 reapers
  4 eleionomae
  5 deep elf demonologists
  A vampire knight (Depths:3)
  A green draconian (Depths:4)
  A red draconian (Depths:4)
  14 deep elf annihilators
  2 black draconians
  3 white draconians
  2 yellow draconians
  4 bunyips
  2 spark wasps (Depths:3)
  7 deep elf death magi
  A crystal guardian (WizLab)
  14 yaktaur captains
  6 ettins
  A merfolk javelineer (Depths:4)
  A shambling mangrove (Swamp:4)
  7 fire dragons
  2 entropy weavers
  8 great orbs of eyes
  8 deep elf high priests
  A merfolk impaler (Depths:2)
  8 ice dragons
  33 vault guards
  4 salamander tyrants (Snake:4)
  Harold (D:10)
  3 ogre magi
  4 rakshasas
  5 spriggan air magi
  A hell beast (D:11)
  36 hydras
  7 ironbound frosthearts
  9 centaur warriors
  2 ghost crabs
  7 alligators
  3 two-headed ogres
  5 boulder beetles
  26 dancing weapons
  3 tengu warriors
  7 anacondas
  6 deep troll earth magi
  7 deep troll shamans
  A vampire mage (Depths:3)
  6 death yaks
  5 orc high priests
  4 sphinx skeletons (Depths:2)
  13 naga warriors
  7 naga sharpshooters
  15 deep elf knights
  2 sun demons
  3 soul eaters
  6 spriggan berserkers
  10 shock serpents
  A wretched star (WizLab)
  4 salamander mystics
  2 goliath frogs (Swamp:2)
  A sixfirhy (Depths:4)
  15 skeletal warriors
  A skyshark (Lair:4)
  A spriggan druid (Swamp:4)
  A flayed ghost (Depths:4)
  A shadow wraith (Vaults:5)
  6 glowing orange brains (WizLab)
  A swamp dragon (shapeshifter) (Vaults:5)
  11 iron trolls
  65 deep trolls
  An orange crystal statue (WizLab)
  An obsidian statue (Zot:5)
  6 naga ritualists
  14 swamp dragons
  9 orc knights
  12 deep elf archers
  5 phantasmal warriors (Vaults:5)
  12 wizards
  4 harpies (D:15)
  17 deep elf zephyrmancers
  20 ironbound convokers
  6 bog bodies
  2 golden dragon skeletons (Depths:2)
  2 necromancers
  11 mana vipers
  A shadow dragon skeleton (Depths:2)
  32 deep elf pyromancers
  7 lindwurms
  6 orc sorcerers
  A wolf spider (Vaults:5)
  7 cyclopes
  A shining eye (shapeshifter) (Vaults:5)
  46 ugly things
  2 will-o-the-wisps
  3 manticores
  26 salamanders
  5 fire giant skeletons (Depths:2)
  8 moths of wrath
  2 stone giant skeletons (Depths:2)
  10 elephants (Lair:2)
  2 frost giant skeletons (Depths:2)
  2 rust devils
  An iron dragon skeleton (Depths:2)
  42 black mambas
  9 naga magi
  20 vault sentinels
  6 guardian serpents
  14 cane toads
  7 eyes of devastation (WizLab)
  3 orange demons
  A cane toad (shapeshifter) (D:14)
  5 gargoyles
  3 smoke demons
  An unseen horror (D:10)
  Maggie (D:8)
  8 komodo dragons
  4 freezing wraiths
  10 kobold demonologists
  A rime drake (Lair:5)
  42 yaktaurs
  Psyche (D:10)
  2 efreet
  2 ice devils
  11 tengu conjurers
  A red devil (Depths:4)
  6 trolls
  A queen bee (Lair:1)
  7 tyrant leeches
  A hellwing (Depths:4)
  The ghost of Newt the Ducker, an amateur DsGl (D:3)
  A bloated husk (Swamp:3)
  6 polar bears
  A meliai (shapeshifter) (Elf:3)
  A tyrant leech (shapeshifter) (Vaults:5)
  14 hornets
  A shadow dragon simulacrum (Vaults:5)
  18 blink frogs
  A raiju (shapeshifter) (D:14)
  22 dream sheep
  A frost giant simulacrum (Vaults:5)
  A dream sheep (shapeshifter) (Vaults:5)
  41 slime creatures
  10 flying skulls (Depths:2)
  A slime creature (shapeshifter) (Vaults:5)
  6 air elementals
  A vampire (D:14)
  16 spriggans
  11 water elementals
  A shadow (D:9)
  4 wyverns
  2 hogs (Elf:1)
  A wyvern (shapeshifter) (Vaults:4)
  27 yaks
  3 wraiths
  7 basilisks
  A human (Elf:1)
  3 golden eyes (WizLab)
  A chaos spawn (D:7)
  Grum (D:10)
  A golden eye (shapeshifter) (D:15)
  16 vampire mosquitoes
  8 fire elementals
  A neqoxec (WizLab)
  A spriggan simulacrum (Depths:2)
  38 nagas
  4 redbacks
  A glowing shapeshifter zombie (Vaults:5)
  A steam dragon (D:7)
  7 swamp worms
  A warg (Elf:3)
  4 acid dragons
  15 water moccasins
  31 orc warriors
  3 glowing shapeshifter skeletons (Depths:2)
  5 swamp drakes
  2 human skeletons (Depths:2)
  4 ice beasts
  A sky beast (D:7)
  2 black bears
  9 ogres
  4 boggarts
  29 wolves
  7 centaurs
  4 kobold brigands
  A human simulacrum (Vaults:3)
  16 bullfrogs
  2 earth elementals (Elf:3)
  3 scorpions
  A scorpion (shapeshifter) (Vaults:5)
  15 wights
  31 killer bees
  2 howler monkeys (D:7)
  6 lava snakes (Snake:3)
  2 jellies
  A gnoll bouda (D:7)
  22 orc priests
  14 starcursed masses (WizLab)
  2 hounds
  5 iguanas
  27 orc wizards
  8 gnolls
  7 adders
  A river rat (D:3)
  A shadow imp (D:4)
  2 white imps
  3 ufetubi (D:4)
  3 worms
  3 dart slugs
  79 orcs
  11 ball pythons
  23 endoplasms
  18 giant cockroaches
  6 goblins
  8 hobgoblins
  3 jackals (D:4)
  4 quokkas
  5 bats
  9 frilled lizards
  20 kobolds
  5 rats
  15 butterflies (Vaults:4)
  4 spectral weapons
  9 starspawn tentacles (WizLab)
2023 creatures vanquished.

Vanquished Creatures (others)
  A dancing weapon (Elf:1)
  A wizard (Vaults:1)
  2 deep elf pyromancers
  A large abomination (Zot:3)
  A salamander (Snake:3)
  A rust devil (Zot:3)
  An ice devil (Zot:3)
  3 bloated husks
  10 foxfires
  15 starspawn tentacles (WizLab)
36 creatures vanquished.

Grand Total: 2059 creatures vanquished

Notes
Turn   | Place    | Note
-------+----------+-------------------------------------------
     0 | D:1      | Joey1 the Minotaur Fighter began the quest for the Orb.
     0 | D:1      | Reached XP level 1. HP: 19/19 MP: 0/0
    70 | D:1      | Found Iraa's Antique Weapon Emporium.
   156 | D:1      | Reached XP level 2. HP: 25/27 MP: 1/1
   261 | D:1      | Reached skill level 1 in Dodging
   439 | D:1      | Reached skill level 4 in Fighting
   471 | D:1      | Reached XP level 3. HP: 31/33 MP: 2/2
  1154 | D:2      | Reached XP level 4. HP: 41/41 MP: 3/3
  1464 | D:3      | Found a glowing drain.
  1468 | Sewer    | Entered a sewer
  1532 | Sewer    | Reached XP level 5. HP: 45/47 MP: 4/4
  1757 | Sewer    | Reached skill level 5 in Fighting
  1757 | Sewer    | Reached skill level 5 in Axes
  1757 | Sewer    | Reached skill level 5 in Shields
  1757 | Sewer    | Reached XP level 6. HP: 33/56 MP: 5/5
  1930 | D:3      | Found a runed translucent door.
  1930 | D:3      | Noticed Newt's ghost (amateur DsGl)
  2064 | D:3      | Found a faded altar of an unknown god.
  2951 | D:5      | Entered Level 5 of the Dungeon
  3001 | D:5      | Noticed a water moccasin
  3017 | D:5      | Killed a water moccasin
  3018 | D:5      | Reached XP level 7. HP: 44/61 MP: 6/6
  4699 | D:6      | Reached XP level 8. HP: 53/68 MP: 7/7
  4777 | D:6      | Reached skill level 10 in Axes
  6015 | D:7      | Reached XP level 9. HP: 73/74 MP: 8/8
  6637 | D:7      | Found a staircase to the Ecumenical Temple.
  6658 | Temple   | Entered the Ecumenical Temple
  6667 | Temple   | Became a worshipper of Warmaster Okawaru
  6990 | D:8      | Identified the ring "Fofetor" {Ice Will+ Int+3 Dex+5}
  7033 | D:8      | Noticed Maggie
  7049 | D:8      | Killed Maggie
  7050 | D:8      | Reached skill level 15 in Axes
  7344 | D:8      | Reached * piety under Okawaru
  7606 | D:8      | Found a hazy altar of Hepliaklqana.
  7906 | D:9      | Reached XP level 10. HP: 60/81 MP: 9/9
  8136 | D:9      | Reached skill level 6 in Fighting
  8289 | D:9      | Reached skill level 7 in Fighting
  8448 | D:9      | Reached ** piety under Okawaru
  8550 | D:9      | Reached skill level 8 in Fighting
  8614 | D:10     | Entered Level 10 of the Dungeon
  8614 | D:10     | Noticed Psyche
  8616 | D:10     | Noticed Harold
  8620 | D:10     | Killed Psyche
  8626 | D:10     | Killed Harold
  8627 | D:10     | Reached skill level 9 in Fighting
  8867 | D:10     | Reached skill level 10 in Fighting
  8867 | D:10     | Reached skill level 1 in Invocations
  9034 | D:10     | Noticed Grum
  9282 | D:10     | Reached *** piety under Okawaru
  9458 | D:10     | Killed Grum
  9459 | D:10     | Reached skill level 5 in Invocations
  9463 | D:10     | Reached XP level 11. HP: 27/99 MP: 13/13
  9960 | D:10     | Noticed a soul eater
 10465 | D:11     | Reached **** piety under Okawaru
 10655 | D:11     | Found Epow's Magic Scroll Shop.
 10663 | D:11     | Bought a scroll of identify for 34 gold pieces
 10663 | D:11     | Bought a scroll of identify for 34 gold pieces
 10663 | D:11     | Bought a scroll of vulnerability for 68 gold pieces
 10663 | D:11     | Bought a scroll of revelation for 127 gold pieces
 10663 | D:11     | Bought a scroll of identify for 34 gold pieces
 10756 | D:11     | Found Jighiuz's Armour Emporium.
 11037 | D:11     | Found Ufywkoruagg's Antique Weapon Emporium.
 11081 | D:11     | Noticed a boulder beetle
 11167 | D:11     | Found Agana's Weapon Boutique.
 11254 | D:11     | Found a staircase to the Orcish Mines.
 11407 | D:11     | Found a staircase to the Lair.
 11488 | D:11     | Found a portal to a secret trove of treasure.
 11554 | D:12     | Noticed a two-headed ogre
 11566 | D:12     | Killed a two-headed ogre
 11567 | D:12     | Reached skill level 5 in Armour
 11756 | D:12     | Noticed a two-headed ogre
 11813 | Lair:1   | Entered Level 1 of the Lair of Beasts
 11818 | Lair:1   | Reached skill level 5 in Dodging
 11858 | Lair:1   | Reached ***** piety under Okawaru
 11883 | Lair:1   | Reached skill level 11 in Fighting
 12020 | Lair:1   | Reached skill level 12 in Fighting
 12126 | Lair:1   | Found a dark tunnel.
 12126 | Lair:1   | Noticed a lindwurm
 12143 | Lair:1   | Killed a lindwurm
 12144 | Lair:1   | Reached XP level 12. HP: 76/113 MP: 16/16
 12173 | Volcano  | Entered a volcano
 12315 | Volcano  | Reached skill level 13 in Fighting
 13438 | Lair:2   | Found a staircase to the Swamp.
 13459 | Lair:2   | Found a staircase to the Snake Pit.
 13461 | Lair:2   | Received a gift from Okawaru
 13462 | Lair:2   | Reached skill level 14 in Fighting
 13494 | Lair:2   | Identified the -2 pair of gloves of Beyond {Will+ Dex+4}
                  | (Okawaru gifted it to you on level 2 of the Lair of Beasts)
 13494 | Lair:2   | Received a gift from Okawaru
 13495 | Lair:2   | Reached skill level 15 in Fighting
 15369 | Lair:3   | Noticed a four-headed hydra
 15383 | Lair:3   | Killed a four-headed hydra
 15384 | Lair:3   | Reached XP level 13. HP: 111/126 MP: 17/17
 16327 | Lair:3   | Noticed Rupert
 16343 | Lair:3   | HP: 3/126 [Rupert/+2 vampiric great sword (13)]
 16357 | Lair:3   | HP: 3/126 [Rupert/+2 vampiric great sword (6)]
 17048 | Lair:3   | Received a gift from Okawaru
 17366 | Lair:4   | Reached skill level 10 in Invocations
 18269 | Lair:5   | Entered Level 5 of the Lair of Beasts
 18684 | Lair:5   | Reached skill level 10 in Shields
 18684 | Lair:5   | Reached skill level 1 in Evocations
 18925 | Lair:5   | Found a staircase to the Slime Pits.
 20188 | Lair:5   | Received a gift from Okawaru
 20312 | Lair:5   | Reached XP level 14. HP: 129/135 MP: 20/20
 20520 | Lair:5   | Reached skill level 5 in Evocations
 21455 | Lair:3   | Identified a scroll of acquirement
 21460 | Lair:3   | Acquired the +1 hat "Lopar" {rF+ Will+ Str-5 Int+6}
 21486 | Lair:3   | Killed Rupert
 21823 | Snake:1  | Entered Level 1 of the Snake Pit
 22781 | Lair:2   | Identified the +10 broad axe of Kexien {elec, +Blink Will+
                  | MP+9} (Okawaru gifted it to you on level 2 of the Lair of
                  | Beasts)
 22781 | Lair:2   | Received a gift from Okawaru
 24013 | Orc:1    | Entered Level 1 of the Orcish Mines
 24401 | Orc:2    | Entered Level 2 of the Orcish Mines
 24786 | Orc:2    | Received a gift from Okawaru
 24978 | Orc:2    | Reached ****** piety under Okawaru
 25009 | Orc:2    | Found Deyg's Antique Armour Emporium.
 25094 | Orc:2    | Found a staircase to the Elven Halls.
 25572 | Orc:2    | Found Qoplugiv's Armour Shoppe.
 25572 | Orc:2    | Found Buresm's Magic Scroll Boutique.
 25574 | Orc:2    | Found Fioty's Armour Shoppe.
 25574 | Orc:2    | Found Xiedd's Distillery.
 25585 | Orc:2    | Bought a scroll of enchant armour for 120 gold pieces
 25912 | Orc:2    | Bought 2 potions of heal wounds for 140 gold pieces
 25912 | Orc:2    | Bought a potion of haste for 140 gold pieces
 25912 | Orc:2    | Bought a potion of haste for 140 gold pieces
 25912 | Orc:2    | Bought a potion of curing for 42 gold pieces
 25930 | Orc:2    | Bought a scroll of fog for 64 gold pieces
 25930 | Orc:2    | Bought a scroll of identify for 32 gold pieces
 25930 | Orc:2    | Bought a scroll of blinking for 120 gold pieces
 25930 | Orc:2    | Bought a scroll of teleportation for 48 gold pieces
 25930 | Orc:2    | Bought a scroll of identify for 32 gold pieces
 25930 | Orc:2    | Bought 3 scrolls of blinking for 360 gold pieces
 26170 | D:3      | Killed Newt's ghost
 26170 | D:3      | Identified the +12 crystal plate armour of the Dice
                  | {*Corrode rElec Str+7} (Okawaru gifted it to you on level 3
                  | of the Dungeon)
 26170 | D:3      | Received a gift from Okawaru
 26500 | D:12     | Reached XP level 15. HP: 141/141 MP: 21/21
 27455 | D:13     | Reached skill level 15 in Shields
 27698 | D:13     | Got a faded book
 27712 | D:13     | Got a glossy book
 27721 | D:13     | Found a shimmering blue altar of Sif Muna.
 27775 | D:13     | Noticed a tengu reaver
 27786 | D:13     | Killed a tengu reaver
 27886 | D:13     | Got a curling book
 27898 | D:13     | Identified the ring "Menigad" {rPois Will+ Stlth+}
 27992 | D:13     | Found the +8 orange crystal plate armour {Archmagi, Int+3
                  | Clar}
 28291 | D:14     | Identified the +1 cloak of the Comet {rN+ Will- Dex+3
                  | Slay+5} (Okawaru gifted it to you on level 14 of the
                  | Dungeon)
 28291 | D:14     | Received a gift from Okawaru
 28780 | D:14     | Found a radiant altar of Vehumet.
 28828 | D:14     | Found a gate to the Vaults.
 29262 | D:15     | Entered Level 15 of the Dungeon
 29335 | D:15     | Reached skill level 10 in Armour
 29364 | D:15     | Reached skill level 10 in Dodging
 29600 | D:15     | Noticed a frost giant
 29616 | D:15     | Killed a frost giant
 29658 | D:15     | Found a staircase to the Depths.
 29765 | D:15     | Reached XP level 16. HP: 149/149 MP: 22/22
 30710 | Snake:2  | Identified the orb of Bext {*Rage, rN+} (Okawaru gifted it
                  | to you on level 2 of the Snake Pit)
 30710 | Snake:2  | Received a gift from Okawaru
 30796 | Snake:2  | Reached skill level 16 in Fighting
 30840 | Snake:2  | Reached skill level 10 in Evocations
 31013 | Snake:2  | Found Corek's Armour Shop.
 31538 | Snake:2  | Found Paicies's Tremendous Tomes.
 31633 | Snake:2  | Reached skill level 17 in Fighting
 32061 | Snake:3  | Identified the +0 crystal plate armour of the Sea {rN+
                  | rCorr} (Okawaru gifted it to you on level 3 of the Snake
                  | Pit)
 32061 | Snake:3  | Received a gift from Okawaru
 32247 | Snake:3  | Identified the +2 pair of boots of Autotheism {rC+}
 32800 | Snake:4  | Entered Level 4 of the Snake Pit
 33340 | Snake:4  | Reached XP level 17. HP: 148/161 MP: 26/26
 33420 | Snake:4  | Noticed Agnes
 33426 | Snake:4  | Killed Agnes
 33484 | Snake:4  | Identified the +9 battleaxe of Friendship {flame, Fragile
                  | rPois Int+4 Dex+5} (Okawaru gifted it to you on level 4 of
                  | the Snake Pit)
 33484 | Snake:4  | Received a gift from Okawaru
 33784 | Snake:4  | Got a serpentine rune of Zot
 33904 | Snake:4  | Identified the +1 ring mail "Kaontec" {rC+ Int+4 Slay-3}
 34462 | Swamp:1  | Entered Level 1 of the Swamp
 34520 | Swamp:1  | Reached skill level 15 in Invocations
 34861 | Swamp:1  | Identified the +7 morningstar of Yfritev {heavy, rF- Int+5}
                  | (Okawaru gifted it to you on level 1 of the Swamp)
 34861 | Swamp:1  | Received a gift from Okawaru
 35312 | Swamp:2  | Identified the +0 robe "Viots" {Rampage *Slow Dex+5}
 35429 | Swamp:2  | Reached skill level 18 in Fighting
 36012 | Swamp:3  | Reached skill level 19 in Fighting
 36139 | Swamp:3  | Identified the +12 plate armour "Qoduve" {Str+3} (Okawaru
                  | gifted it to you on level 3 of the Swamp)
 36139 | Swamp:3  | Received a gift from Okawaru
 36372 | Swamp:4  | Entered Level 4 of the Swamp
 36884 | Swamp:4  | Reached skill level 20 in Fighting
 36913 | Swamp:4  | Reached XP level 18. HP: 44/178 MP: 28/28
 37485 | Swamp:4  | Identified the +5 falchion "Pasynuta" {freeze, rCorr}
 37500 | Swamp:4  | Identified the +2 pair of boots of the Heavens {Harm rC+++
                  | Will- rCorr}
 37618 | Swamp:4  | Got a decaying rune of Zot
 38490 | Vaults:1 | Entered Level 1 of the Vaults
 38500 | Vaults:1 | Received a gift from Okawaru
 39550 | Vaults:1 | Identified the +2 hat of Vampiric Thralls {rPois rN+ Int-4}
                  | (Okawaru gifted it to you on level 1 of the Vaults)
 39550 | Vaults:1 | Received a gift from Okawaru
 40647 | Vaults:2 | Reached XP level 19. HP: 185/185 MP: 29/29
 40815 | Vaults:2 | Found Fupefasa's Weapon Boutique.
 41068 | Vaults:2 | Reached skill level 15 in Armour
 41356 | Vaults:2 | You fall into a shaft and drop 2 floors!
 41476 | Vaults:4 | Received a gift from Okawaru
 41757 | Vaults:4 | Received a gift from Okawaru
 41958 | Vaults:4 | Found a huge runed gate.
 41958 | Vaults:4 | Found a huge runed gate.
 41958 | Vaults:4 | Found a huge runed gate.
 41958 | Vaults:4 | Found a huge runed gate.
 41958 | Vaults:4 | Found a huge runed gate.
 41958 | Vaults:4 | Found a huge runed gate.
 41958 | Vaults:4 | Found a huge runed gate.
 41959 | Vaults:4 | Found a huge runed gate.
 41959 | Vaults:4 | Found a huge runed gate.
 41959 | Vaults:4 | Found a huge runed gate.
 41964 | Vaults:4 | Found a huge runed gate.
 41964 | Vaults:4 | Found a huge runed gate.
 41964 | Vaults:4 | Found a huge runed gate.
 41964 | Vaults:4 | Found a huge runed gate.
 41964 | Vaults:4 | Found a huge runed gate.
 41964 | Vaults:4 | Found a huge runed gate.
 41965 | Vaults:4 | Found a huge runed gate.
 41966 | Vaults:4 | Found a huge runed gate.
 41967 | Vaults:4 | Found a huge runed gate.
 41975 | Vaults:4 | Found a huge runed gate.
 41975 | Vaults:4 | Found a huge runed gate.
 41975 | Vaults:4 | Found a huge runed gate.
 41975 | Vaults:4 | Found a huge runed gate.
 41975 | Vaults:4 | Found a huge runed gate.
 41975 | Vaults:4 | Found a huge runed gate.
 41976 | Vaults:4 | Found a huge runed gate.
 42986 | Vaults:3 | Found a staircase to the Crypt.
 42986 | Vaults:3 | Found a basalt altar of Yredelemnul.
 42987 | Vaults:3 | Found an ancient bone altar of Kikubaaqudgha.
 43126 | Vaults:3 | Reached XP level 20. HP: 165/193 MP: 30/30
 43204 | Vaults:3 | Received a gift from Okawaru
 43204 | Vaults:3 | Found the +7 Kryia's mail coat {PotionHeal*2 rC+}
 43465 | Vaults:3 | Identified the +2 pair of boots "Taxub" {Str+3}
 43691 | Vaults:4 | Found a huge runed gate.
 43691 | Vaults:4 | Found a huge runed gate.
 43691 | Vaults:4 | Found a huge runed gate.
 43691 | Vaults:4 | Found a huge runed gate.
 43698 | Vaults:4 | Found a huge runed gate.
 43698 | Vaults:4 | Found a huge runed gate.
 43698 | Vaults:4 | Found a huge runed gate.
 43699 | Vaults:4 | Found a huge runed gate.
 43699 | Vaults:4 | Found a huge runed gate.
 43705 | Vaults:4 | Found a huge runed gate.
 44429 | Elf:1    | Entered Level 1 of the Elven Halls
 45075 | Elf:1    | Noticed Kirke
 45087 | Elf:1    | Killed Kirke
 45230 | Elf:1    | Reached skill level 1 in Throwing
 45252 | Elf:1    | Got a blackened book
 45650 | Elf:2    | Paralysed by an air elemental for 1 turns
 45659 | Elf:2    | Paralysed by an air elemental for 1 turns
 45758 | Elf:2    | Paralysed by an air elemental for 1 turns
 45791 | Elf:2    | Found a radiant altar of Vehumet.
 45956 | Elf:2    | Received a gift from Okawaru
 45996 | Elf:2    | Noticed Donald
 45997 | Elf:2    | Found a runed translucent gate.
 45997 | Elf:2    | Found a runed translucent gate.
 45997 | Elf:2    | Found a runed translucent gate.
 46006 | Elf:2    | Killed Donald
 46298 | Elf:2    | Reached skill level 5 in Throwing
 46836 | Elf:3    | Entered Level 3 of the Elven Halls
 46841 | Elf:3    | Noticed Saint Roka
 46865 | Elf:3    | Killed Saint Roka
 46865 | Elf:3    | Received a gift from Okawaru
 47060 | Elf:3    | Paralysed by an air elemental for 1 turns
 47062 | Elf:3    | Paralysed by an air elemental for 1 turns
 47171 | Elf:3    | Identified the +2 pair of boots of Quiet Fog {Will- rCorr
                  | Str+6} (Okawaru gifted it to you on level 3 of the Elven
                  | Halls)
 47171 | Elf:3    | Received a gift from Okawaru
 47194 | Elf:3    | Reached XP level 21. HP: 115/201 MP: 31/31
 47549 | Elf:3    | Reached skill level 10 in Throwing
 47565 | Elf:3    | Paralysed by an air elemental for 1 turns
 48050 | Elf:3    | Got a yellowed book
 48054 | Elf:3    | Got a fuliginous book
 48068 | Elf:3    | Identified the +1 leather armour "Sasoikhe" {Rampage Str+3
                  | Int+3}
 48113 | Elf:3    | Identified the +0 chain mail of Urchaet {rPois Str+5 Dex+4}
 48374 | Elf:3    | Got a resplendent book
 48398 | Elf:3    | Identified the ring of Uchinn {Will+ Str+5 Dex+4 Stlth-}
 48669 | Elf:3    | Found the +3 salamander hide armour {Flames, rFlCloud rF++
                  | rC--}
 48724 | Elf:3    | Identified the +1 orcbow of the Dozen Deaths {flame, rPois}
 48787 | Elf:3    | Noticed Asterion
 48805 | Elf:3    | Killed Asterion
 49425 | Vaults:5 | Entered Level 5 of the Vaults
 49440 | Vaults:5 | Reached skill level 21 in Fighting
 49441 | Vaults:5 | Received a gift from Okawaru
 49766 | Vaults:5 | Noticed Mennas
 49798 | Vaults:4 | Received a gift from Okawaru
 49800 | Vaults:4 | Killed Mennas
 50006 | Vaults:5 | Identified the +0 troll leather armour of Nausoq {Regen+
                  | Dex+3 Stlth+} (Okawaru gifted it to you on level 5 of the
                  | Vaults)
 50006 | Vaults:5 | Received a gift from Okawaru
 50379 | Vaults:5 | Noticed a dread lich
 50486 | Vaults:5 | Killed a dread lich
 50555 | Vaults:5 | Reached XP level 22. HP: 213/213 MP: 33/33
 50642 | Vaults:5 | Identified the amulet "Vawast" {Acrobat rPois rCorr MP+9
                  | Stlth+}
 50883 | Vaults:5 | Noticed an ancient lich
 50903 | Vaults:5 | Killed an ancient lich
 50907 | Vaults:5 | Noticed an ancient lich
 50920 | Vaults:5 | Killed an ancient lich
 51091 | Vaults:5 | Identified the +3 halberd "Hixeoneir" {heavy, rF+ MP+9
                  | Dex+3}
 51290 | Vaults:5 | Gained mutation: Armour fits poorly on your strangely
                  | shaped body. [a shining eye]
 51335 | Vaults:5 | Noticed a golden dragon
 51344 | Vaults:5 | Killed a golden dragon
 51344 | Vaults:5 | Received a gift from Okawaru
 51795 | Vaults:5 | Found Xungies's Magic Scroll Emporium.
 51795 | Vaults:5 | Found Ciekk's Magic Scroll Boutique.
 51800 | Vaults:5 | Bought 2 scrolls of teleportation for 120 gold pieces
 51800 | Vaults:5 | Bought a scroll of fog for 80 gold pieces
 51807 | Vaults:5 | Bought a scroll of teleportation for 42 gold pieces
 51823 | Vaults:5 | Found Neyvauc's Distillery.
 51826 | Vaults:5 | Found Qirymy's Distillery.
 51827 | Vaults:5 | Bought a potion of heal wounds for 100 gold pieces
 51827 | Vaults:5 | Bought a potion of might for 80 gold pieces
 51827 | Vaults:5 | Bought a potion of haste for 200 gold pieces
 51834 | Vaults:5 | Bought a potion of haste for 110 gold pieces
 51834 | Vaults:5 | Bought a potion of curing for 33 gold pieces
 51834 | Vaults:5 | Bought 2 potions of heal wounds for 110 gold pieces
 52129 | Vaults:5 | Identified the +5 spear of Pestilence {holy, rPois Int-3
                  | Dex+5}
 52145 | Vaults:5 | Got a silver rune of Zot
 52152 | Vaults:5 | Identified the +6 sling of Death's Door {drain, +Blink}
 52417 | Vaults:5 | Bought a potion of mutation for 160 gold pieces
 52645 | Depths:1 | Entered Level 1 of the Depths
 52645 | Depths:1 | Noticed the Enchantress
 52662 | D:15     | Killed the Enchantress
 52662 | D:15     | Identified the +5 chain mail "Ydghatig" {rN+} (Okawaru
                  | gifted it to you on level 15 of the Dungeon)
 52662 | D:15     | Received a gift from Okawaru
 52972 | Depths:1 | Found a blossoming altar of Fedhas.
 53014 | Depths:1 | Found a gateway to Hell.
 53050 | Depths:1 | Found a magical portal.
 53065 | WizLab   | Entered Lehudib's Moon Base
 53654 | WizLab   | Gained mutation: Potions are less effective at restoring
                  | your health. [a neqoxec]
 53917 | WizLab   | Found a transporter.
 53962 | WizLab   | Reached XP level 23. HP: 220/220 MP: 35/35
 53973 | WizLab   | Identified the -1 pair of boots of Dawn {rF+} (Okawaru
                  | gifted it to you in a wizard's laboratory)
 53973 | WizLab   | Received a gift from Okawaru
 54258 | WizLab   | Found a transporter.
 54565 | WizLab   | Identified the amulet of Idileo {Reflect Will+ Regen+ Dex+3
                  | SH+5 Stlth-}
 54964 | Depths:1 | Identified the +1 chain mail of Impressiveness {Dex+2}
 55059 | Depths:1 | Found a transporter.
 55122 | Depths:1 | Found a transporter.
 55261 | Depths:2 | Found Muadiujoam's Overcharged Wands.
 55426 | Depths:2 | Reached skill level 15 in Evocations
 56013 | Depths:2 | Identified the +5 morningstar "Ukeikkoph" {antimagic, Drain
                  | Str+6}
 56202 | Depths:2 | Found a one-way gate to the infinite horrors of the Abyss.
 56543 | Depths:2 | Found a one-way gate leading to the halls of Pandemonium.
 56804 | Depths:3 | Found a one-way gateway to a ziggurat.
 56827 | Depths:3 | Found Nane's Book Shoppe.
 56844 | Depths:3 | Received a gift from Okawaru
 56860 | Depths:3 | Found Modutewy's Jewellery Boutique.
 56880 | Depths:3 | Found Niumangu's Book Shoppe.
 56975 | Depths:3 | Noticed Louise
 56986 | Depths:3 | Killed Louise
 57026 | Depths:3 | Received a gift from Okawaru
 58048 | Depths:4 | Entered Level 4 of the Depths
 58375 | Depths:4 | Identified the +0 pair of gloves of the Bulwark {Int+5
                  | Stlth+} (Okawaru gifted it to you on level 4 of the Depths)
 58375 | Depths:4 | Received a gift from Okawaru
 58423 | Depths:4 | Reached skill level 15 in Throwing
 58450 | Depths:4 | Noticed a caustic shrike
 58456 | Depths:4 | Killed a caustic shrike
 58459 | Depths:4 | Noticed a caustic shrike
 58462 | Depths:4 | Noticed a caustic shrike
 58467 | Depths:4 | Killed a caustic shrike
 58470 | Depths:4 | Killed a caustic shrike
 58480 | Depths:4 | Reached XP level 24. HP: 158/228 MP: 35/35
 58636 | Depths:4 | Found a gate to the Realm of Zot.
 58963 | Depths:4 | Reached skill level 22 in Fighting
 59149 | Zot:1    | Entered Level 1 of the Realm of Zot
 59498 | Zot:3    | Found a runed translucent door.
 59498 | Zot:3    | Noticed zarzak's ghost (legendary GrFi)
 59622 | Zot:5    | Entered Level 5 of the Realm of Zot
 59725 | Zot:5    | Reached skill level 23 in Fighting
 59732 | Zot:5    | Noticed a dread lich
 59742 | Zot:5    | Killed a dread lich
 59830 | Zot:5    | Identified the +10 hand axe "Erpharef" {holy, Str+3}
                  | (Okawaru gifted it to you on level 5 of the Realm of Zot)
 59830 | Zot:5    | Received a gift from Okawaru
 59889 | Zot:5    | Noticed a Killer Klown
 59889 | Zot:5    | Noticed a Killer Klown
 59891 | Zot:5    | Noticed a Killer Klown
 59896 | Zot:5    | Noticed an ancient lich
 59898 | Zot:5    | Noticed a dread lich
 59901 | Zot:5    | Noticed an orb of fire
 59911 | Zot:5    | Killed a Killer Klown
 59912 | Zot:5    | Killed an ancient lich
 59912 | Zot:5    | Gained mutation: You are frail. (-10% HP) [an orb of fire]
 59915 | Zot:5    | Noticed a dread lich
 59918 | Zot:5    | Killed an orb of fire
 59923 | Zot:5    | Killed a dread lich
 59924 | Zot:5    | Reached skill level 24 in Fighting
 59924 | Zot:5    | Killed a dread lich
 59932 | Zot:5    | Killed a Killer Klown
 59941 | Zot:5    | Killed a Killer Klown
 59964 | Zot:5    | Identified the +1 chain mail of Inlico Ummic {+Blink +Inv
                  | rF++ Int-3} (Okawaru gifted it to you on level 5 of the
                  | Realm of Zot)
 59964 | Zot:5    | Received a gift from Okawaru
 60079 | Zot:5    | Got the Orb of Zot
 60195 | Zot:3    | Noticed Yjeofiusm the pandemonium lord
 60220 | Zot:3    | Reached skill level 25 in Fighting
 60554 | D:11     | You paid a toll of 18 potions of curing to enter a treasure
                  | trove
 60555 | Trove    | Entered a treasure trove
 60566 | Trove    | Identified the -1 pair of gloves of Uskayaw's Generosity
                  | {Int+4}
 60567 | Trove    | Identified the +1 pair of boots of Pandemonium {Rampage
                  | Will+ Dex+3 Stlth+}
 60594 | Trove    | Identified the amulet "Ynof" {rF+ Regen+ Dex+3}
 60922 | D:$      | Escaped with the Orb!

Illustrated notes

Levels and vault maps discovered:
D:1:      scummos_arrival_forest, layout_loops_ring, serial_shops,
          nicolae_shop_getting_attention, minmay_strange_pillars,
          minmay_stone_trees_small, st_stairs_7, minmay_misc_feat_more_columns
D:2:      layout_rooms
D:3:      layout_basic, gup_sewer_entry_bowl,
          dreamdust_ecumenical_altar_statues, hellmonk_ghost_happy_afterlife
D:4:      layout_cave_pools, serial_demonic, serial_demonic_g, serial_demonic_e,
          serial_demonic_b, serial_demonic_b, serial_demonic_e
D:5:      layout_layer_cave, hangedman_glass_teeth,
          minmay_a_box_with_orc_wizards_in_it
D:6:      layout_gridville
D:7:      layout_rooms, minmay_temple_entry_junction_2, dreamdust_gnoll_shepherd
D:8:      layout_basic, mainiacjoe_overflow_chevrons, minmay_between,
          uniq_maggie
D:9:      layout_gridville
D:10:     layout_rooms, uniq_grum, uniq_harold, uniq_psyche
D:11:     layout_long_grid, lair_entry_dummy, david_orc_5, serial_shops, shop,
          shop, nicolae_shop_bloodbath_and_beyond, shop,
          nicolae_trove_entry_columns
D:12:     layout_cave_pods, grunt_ministairs_10
D:13:     evilmike_library_of_no_secrets, layout_stronghold
D:14:     layout_layer_cave, skrybe_vaults_entry_preservation,
          fiery_altar_vehumet
D:15:     hellmonk_depths_entry_around_the_bend, layout_layer_cave,
          serial_park_gazebo [serial_park_minivault_5x5_1]
Temple:   grunt_wide_crystal_templ
Lair:1:   layout_cave_pods, nicolae_volcano_entry_vermiform, special_room
          [special_room_bee], cheibrodos_lair_lostbears, lemuel_fruit_tree
Lair:2:   layout_cave_pods, swamp_mist, guppyfry_snake_entry_garden
Lair:3:   layout_chaotic_city, serial_bayou_shore_b, uniq_rupert
Lair:4:   layout_cave_pods
Lair:5:   wormcave, layout_misc_corridors, slime_entry_1
Swamp:1:  layout_basic_swamp, infiniplex_staircase_pool_2
Swamp:2:  layout_basic_swamp, evilmike_swamp_ruin_house_3
Swamp:3:  layout_basic_swamp, serial_swamp_ruin, evilmike_swamp_ruin_rubble_1,
          evilmike_swamp_ruin_house_2, evilmike_swamp_ruin_rubble_2
Swamp:4:  swamp_basic_johnstein, layout_basic_swamp, swamp_pool4
Snake:1:  layout_gridlike
Snake:2:  layout_gridlike, serial_shops, nicolae_shop_getting_attention,
          nicolae_shop_i_like_big_books
Snake:3:  layout_misc_corridors, nicolae_snake_salamander_zone
Snake:4:  johnstein_snake_rune_scales, layout_chambers, st_stairs_5,
          nicolae_snake_round_shape_thing, uniq_agnes
Orc:1:    layout_caves, basic_altar, serial_shops, nicolae_orc_lost_temple
Orc:2:    grunt_orc_tribal_feast, layout_caves, basic_altar, serial_shops,
          nicolae_shop_advertising_works [nicolae_subvault_shop_adworks]
Elf:1:    minmay_elf_arrival_plus, layout_geoelf_grid, minmay_elf_annihilation,
          uniq_kirke
Elf:2:    nicolae_elf_blades_splatter_lattice [nicolae_blade_entry_antechamber],
          layout_loops_cross, basic_altar, uniq_donald
Elf:3:    nooodl_elf_gasket, layout_geoelf_diagonals,
          nicolae_concentric_dashed_squares_wild, uniq_asterion, uniq_saint_roka
Vaults:1: v_pattern_2, v_rooms_4, hangedman_vaults_river_flow, v_rooms_3,
          nicolae_vaults_offset_grid_hallway_2, hangedman_vaults_stream,
          ontoclasm_vaults_claustrophobia, nicolae_vaults_closet_pinwheel_6,
          vaults_mumra_lcd, nicolae_vaults_variable_pillar_hall,
          ontoclasm_vaults_pinch, layout_vaults_omnibox
Vaults:2: nicolae_vaults_mitosis, nicolae_vaults_storage_room_glass,
          nicolae_vaults_display_case, nicolae_vaults_closet_pinwheel_5,
          nicolae_vaults_taking_the_gang_shopping, hangedman_vaults_snaps,
          vaults_room_semicircle, nicolae_vaults_double_plus_1,
          layout_vaults_quadrants
Vaults:3: nicolae_vaults_stepped_doors, st_cross, minmay_crypt_entry_necro_gods,
          v_misc_14, vaults_room_pool, nicolae_vaults_double_plus_1,
          serial_ice_g, v_misc_28, nicolae_vaults_cochlea,
          nicolae_vaults_heart-shaped_vault, nicolae_vaults_hexular_roomagon,
          hangedman_vaults_corner_blocks, layout_vaults_maze_bifur
Vaults:4: nicolae_vaults_little_squares_4, nicolae_vaults_tetromino_L_2,
          nicolae_vaults_shipping_containers_4,
          nicolae_vaults_variable_pillar_hall, not_door_vault_mu, v_pattern_4,
          nicolae_vaults_cornered_office, nicolae_vaults_tangram_1,
          nicolae_vaults_double_plus_1, hangedman_vaults_pinch,
          vaults_dpeg_encased_lava, layout_vaults_chaotic_city
Vaults:5: serial_shops, uniq_mennas
Depths:1: layout_forbidden_donut, infiniplex_enter_wizlab_glasses, hellmouth_1,
          fedhas_altar_3, dk_noncrumbling_3, nicolae_diode_stairs,
          uniq_enchantress
Depths:2: minmay_skeleton_keep, layout_honeycomb, kennysheep_big_empty_room,
          abyss_entry_crystal, hell_entry, rand_demon_pan_entry_4,
          nicolae_shop_overcharged_wands, minmay_staircase_bubble,
          grunt_megastairs_5
Depths:3: dreamdust_hydra_shepherd, layout_basic, enter_ziggurat_d,
          kennysheep_cluttered_room, hangedman_geh_valley,
          nicolae_abyss_entry_one_way_or_another, minmay_shop_grove
Depths:4: evilmike_zot_entry_diamond, layout_gridlike, lightli_too_deep,
          serial_bayou_shore_a, rand_demon_pan_entry_3, serial_bayou_shore_b
Zot:1:    layout_basic, uniq_grunn
Zot:2:    layout_gridlike
Zot:3:    layout_twisted_circle, gammafunk_ghost_grave, uniq_josephina
Zot:4:    layout_cathedral_of_symmetry, guppyfry_library_mini
Zot:5:    layout_cathedral_of_symmetry

Skill      XL: |  1  2  3  4  5  6  7  8  9 10 11 12 13 14 15 16 17 18 19 20 21 22 23 24 |
---------------+-------------------------------------------------------------------------+-----
Dodging        | 1 2 3 6 10 12 | 12.0
Fighting       | 4 5 10 12 15 17 20 21 25 | 25.7
Shields        | 4 5 7 10 13 15 16 20 21 | 21.0
Axes           | 3 5 7 9 12 15 16 17 18 19 20 | 20.0
Invocations    | 5 7 10 13 15 17 19 | 19.0
Armour         | 6 10 14 15 18 | 18.0
Evocations     | 4 8 9 10 13 15 | 15.0
Throwing       | 9 10 15 | 15.0

Action                     |  1- 3 |  4- 6 |  7- 9 | 10-12 | 13-15 | 16-18 | 19-21 | 22-24 || total
---------------------------+-------+-------+-------+-------+-------+-------+-------+-------++-------
  Melee: War axe           |    99 |   162 |   270 |    67 |       |       |       |       ||   598
         Headbutt          |     9 |    24 |    62 |   140 |   237 |   249 |   268 |   442 ||  1431
         Hand axe          |       |       |       |   508 |   258 |       |       |       ||   766
         Morningstar       |       |       |       |     6 |    24 |    58 |       |    15 ||   103
         Battleaxe         |       |       |       |       |    67 |       |       |       ||    67
         Broad axe         |       |       |       |       |   611 |   963 |  1032 |  1286 ||  3892
 Invoke: Heroism           |       |       |       |     8 |     7 |     1 |     6 |     6 ||    28
         Finesse           |       |       |       |     2 |     1 |     1 |     1 |     1 ||     6
  Evoke: Wand              |       |       |       |       |     1 |       |       |       ||     1
    Use: Scroll            |       |       |    13 |     5 |    19 |    10 |     4 |     8 ||    59
         Potion            |       |       |     3 |     1 |     1 |     1 |     4 |     4 ||    14
   Stab: Sleeping          |       |       |       |       |     2 |       |       |       ||     2
         Paralysed         |       |       |       |       |     3 |       |       |       ||     3
 Armour: Scale mail        |    58 |   122 |    23 |       |       |       |       |       ||   203
         Plate armour      |       |       |   222 |   693 |   380 |       |       |       ||  1295
         Swamp dragon scal |       |       |       |       |    67 |       |       |       ||    67
         Crystal plate arm |       |       |       |       |   151 |   609 |   434 |   478 ||  1672
  Dodge: Dodged            |    39 |    91 |    75 |   266 |   319 |   219 |   216 |   264 ||  1489
  Block: Buckler           |    31 |    40 |    59 |   169 |   134 |       |       |       ||   433
         Tower shield      |       |       |       |       |   605 |  1203 |  1137 |  1290 ||  4235
         Reflection        |       |       |       |       |    53 |   119 |   146 |    63 ||   381

Table legend: (Time is in decaauts)
 A = Elapsed time spent in this place.
 B = Non-inter-level travel time spent in this place.
 C = Inter-level travel time spent in this place.
 D = Time resting spent in this place.
 E = Time spent auto-exploring this place.
 F = Levels seen in this place.
 G = Mean time per level.
                   A        B        C        D        E       F      G
               +--------+--------+--------+--------+--------+-----+--------+
         Total |  60314 |  54814 |   5500 |  10412 |  30863 |  52 | 1159.9 |
       Dungeon |  17139 |  14782 |   2357 |   2351 |   9291 |  15 | 1142.6 |
        Temple |     18 |      2 |     16 |      0 |      0 |   1 |   18.0 |
          Lair |  11157 |  10017 |   1140 |   3335 |   4842 |   5 | 2231.4 |
         Swamp |   3586 |   3446 |    140 |    497 |   2284 |   4 |  896.5 |
     Snake Pit |   4917 |   4476 |    441 |    265 |   2686 |   4 | 1229.2 |
  Orcish Mines |   2213 |   1955 |    258 |    392 |   1054 |   2 | 1106.5 |
   Elven Halls |   4419 |   4233 |    186 |   1055 |   2048 |   3 | 1473.0 |
        Vaults |   8834 |   8160 |    674 |   1603 |   4726 |   5 | 1766.8 |
        Depths |   4609 |   4351 |    258 |    120 |   3204 |   4 | 1152.2 |
           Zot |   1059 |   1031 |     28 |    297 |      0 |   5 |  211.8 |
         Trove |    100 |    100 |      0 |      0 |      0 |   1 |  100.0 |
         Sewer |    489 |    489 |      0 |      0 |    278 |   1 |  489.0 |
       Volcano |    169 |    169 |      0 |     54 |      0 |   1 |  169.0 |
        Wizlab |   1600 |   1600 |      0 |    443 |    449 |   1 | 1600.0 |
               +--------+--------+--------+--------+--------+-----+--------+

Top non-repeatable levels by time:
  Lair:2: 3248 daAuts
Vaults:4: 2585 daAuts
  Lair:4: 2451 daAuts
Vaults:5: 1963 daAuts
  Lair:3: 1933 daAuts
  Lair:1: 1850 daAuts
     D:6: 1775 daAuts
    D:11: 1761 daAuts
    D:10: 1751 daAuts
   Elf:2: 1739 daAuts
     D:5: 1736 daAuts
Vaults:1: 1733 daAuts
   Elf:3: 1687 daAuts
  Lair:5: 1674 daAuts
 Snake:4: 1606 daAuts
